AoeStats
← tuscani11b

Fortress

510431012Analyzed
1v1 RM · 2d ago on Oct 1, 2026· 30m 0s· 2 players
Game mode
Random Map
Map size
Small (3 player)
Population
200
Speed
Normal
Resources
Standard
Victory
Conquest
Starting age
Dark Age
Ending age
Imperial Age
RankedLock teamsTeams togetherTeam positionsShared explorationLock speedFull tech treeHidden civsTurbo modeCheats
Victory
Defeat
🇨🇦 Franks · Canada
129
+26
🇺🇸 Britons · United States
380
-26
Rastapopoulos
6:12 Feudal Age
4:27 Loom
6:50 Double-Bit Axe
6:32 Man-at-Arms
12:37 Wheelbarrow
11:48 Town Watch
16:14 Stone Mining
16:43 Gold Mining
19:03 Forging
18:53 Scale Mail Armor
18:58 Scale Barding Armor
18:43 Fletching
18:53 Padded Archer Armor
23:15 Castle Age
25:06 Gold Shaft Mining
24:44 Bow Saw
25:24 Iron Casting
25:04 Chain Mail Armor
25:10 Chain Barding Armor
24:46 Bodkin Arrow
25:06 Leather Archer Armor
29:58 Arson
29:35 Pikeman
30:15 Squires
tuscani11b
3:03 Loom
12:25 Feudal Age
12:59 Double-Bit Axe
12:56 Horse Collar
13:09 Gold Mining
13:10 Stone Mining
13:57 Town Watch
20:05 Castle Age
19:00 Wheelbarrow
21:12 Bow Saw
22:43 Town Patrol
22:56 Squires
22:44 Gambesons
22:45 Arson
24:13 Heavy Plow
24:53 Gold Shaft Mining
28:46 Imperial Age
28:29 Hand Cart
29:11 Pikeman
29:13 Man-at-Arms
Connection lost

Rejoining the realm…

Still unreachable

The connection could not be restored.

Session expired

The server has moved on; the page needs a fresh start.